 Dungeon Crawl Stone Soup version 0.28-a0-1130-gc51a68064b (webtiles) character file.

Game seed: 11556711606862347581

12674 ducksouse the Protected (level 11, -3/103 HPs)
             Began as a Minotaur Fighter on Dec 13, 2021.
             Was an Elder of Okawaru.
             Slain by a thrashing horror (14 damage)
             ... on level 1 of the Abyss.
             The game lasted 00:39:01 (12874 turns).

ducksouse the Protected (Minotaur Fighter)         Turns: 12874, Time: 00:39:02

Health: -3/103     AC: 19    Str: 29    XL:     11   Next: 65%
Magic:  10/10      EV:  8    Int:  5    God:    Okawaru [****..]
Gold:   469        SH: 13    Dex: 18    Spells: 10/10 levels left

rFire   . . .      SeeInvis .   Q - +5 mace
rCold   . . .      Faith    .   f - +0 kite shield
rNeg    . . .      Spirit   .   l - +0 chain mail
rPois   .          Reflect  .   (helmet restricted)
rElec   .          Harm     .   r - +2 cloak
rCorr   .          Rampage  .   (no gloves)
Will    .....                   s - +2 pair of boots
Stlth   ..........              (no amulet)
HPRegen 0.00/turn               L - +6 ring of strength
MPRegen 0.12/turn               u - +6 ring of dexterity

@: on berserk cooldown, inhibited regen, slowed, unable to read, very slow
A: horns 2, retaliatory headbutt, [deterioration 1], [inhibited regeneration],
[inability to read while threatened]
a: Renounce Religion, Heroism, Finesse


You were on level 1 of the Abyss.
You worshipped Okawaru.
Okawaru was greatly pleased with you.
You visited 2 branches of the dungeon, and saw 11 of its levels.
You visited the Abyss 1 time.

You collected 583 gold pieces.
You spent 114 gold pieces at shops.

Inventory:

Hand Weapons
 c - the +1 falchion "Gedgha" {vorpal, *Slow Will+ Str+2}
   (You found it on level 9 of the Dungeon)

   It inflicts extra damage upon your enemies.
   Str:       It affects your strength (+2).
   *Slow:     It may slow you when you take damage.
   Will:      It increases your willpower.
 A - a +1 war axe of freezing
 I - a +3 trident
 Q - a +5 mace (weapon)
 R - a +4 long sword
 S - a +1 vorpal broad axe
Missiles
 D - 3 throwing nets (quivered)
Armour
 f - a +0 kite shield (worn)
 l - a +0 chain mail (worn)
 r - a +2 cloak (worn)
 s - a +2 pair of boots (worn)
Jewellery
 a - a ring of see invisible
 n - a ring of willpower
 q - a +4 ring of protection
 u - a +6 ring of dexterity (right hand)
 y - a ring of protection from cold
 L - a +6 ring of strength (left hand)
 M - a ring of magical power
Wands
 N - a wand of flame (3)
Scrolls
 b - 4 scrolls of fog
 g - 2 scrolls of fear {unknown}
 j - 2 scrolls of amnesia
 k - a scroll of summoning {unknown}
 v - 4 scrolls of immolation
 x - a scroll of vulnerability {unknown}
 E - 3 scrolls of holy word
 H - a scroll of noise {unknown}
 J - a scroll of enchant weapon {unknown}
 K - a scroll of torment {unknown}
 O - 2 scrolls of blinking {unknown}
Potions
 d - a potion of lignification {unknown}
 h - a potion of mutation {unknown}
 i - 3 potions of attraction
 m - 2 potions of flight {unknown}
 o - 2 potions of resistance {unknown}
 p - 4 potions of haste
 t - a potion of brilliance {unknown}
 w - 2 potions of heal wounds {unknown}
 z - a potion of ambrosia {unknown}
 B - 3 potions of berserk rage
 C - a potion of degeneration {unknown}
 F - a potion of cancellation {unknown}
 G - a potion of magic {unknown}


   Skills:
 + Level 11.6 Fighting
 - Level 4.0(6.2) Short Blades
 + Level 8.1(8.6) Long Blades
 - Level 7.8 Axes
 + Level 11.6 Armour
 + Level 11.6 Shields


You had 10 spell levels left.
You didn't know any spells.
Your spell library contained the following spells:

 Spells                   Type           Power      Damage    Failure   Level
 Shock                    Conj/Air       0%         1d3       97%         1
 Swiftness                Air            0%         N/A       100%        3
 Airstrike                Air            0%         N/A       100%        4
 Eringya's Noxious Bog    Tmut/Pois      0%         N/A       100%        6
 Summon Forest            Summ/Tloc      Unusable   N/A       N/A         5
 Summon Hydra             Summ           Unusable   N/A       N/A         7

Dungeon Overview and Level Annotations

Branches:
Dungeon (10/15)            Temple (1/1) D:7
   Lair: D:8-11         Orc: D:9-12

Altars:
Cheibriados
Dithmenos
Hepliaklqana
Nemelex Xobeh
Okawaru
Xom

Shops:
D:5 ?

Annotations:
D:6 1 transporter, KennySheep's ghost, novice DECj


Innate Abilities, Weirdness & Mutations

You have a pair of horns on your head.
You reflexively headbutt those who attack you in melee.
[Your body sometimes deteriorates upon taking damage.]
[You do not regenerate when monsters are visible.]
[You sometimes lose the ability to read scrolls when taking damage.]


Message History

The thrashing horror is almost destroyed.
The thrashing horror churns violently!
The thrashing horror seems to grow stronger.
You closely miss the thrashing horror.
The thrashing horror is almost destroyed.
You block the thrashing horror's attack.
The thrashing horror tramples you but does no damage.
You are no longer berserk.
You are exhausted.
You feel yourself slow down.
The thrashing horror tramples you but does no damage. x2
A thrashing horror comes into view.
You block the thrashing horror's attack. x2
Tentacles burst from the starspawn's body!
The thrashing horror barely misses you.
The thrashing horror tramples you but does no damage.
You barely miss the thrashing horror.
The thrashing horror is almost destroyed.
You block the thrashing horror's attack.
The thrashing horror tramples you!
* * * LOW HITPOINT WARNING * * *
You stumble backwards!
The thrashing horror tramples you but does no damage. x3
The thrashing horror closely misses you. x2
You furiously retaliate!
You headbutt the thrashing horror. The thrashing horror tramples you.
* * * LOW HITPOINT WARNING * * *
You hold your ground!
You barely miss the thrashing horror.
Your headbutt misses the thrashing horror.
The thrashing horror is almost destroyed.
You block the thrashing horror's attack.
The thrashing horror tramples you!
* * * LOW HITPOINT WARNING * * *
You hold your ground!
The thrashing horror tramples you!
* * * LOW HITPOINT WARNING * * *
You hold your ground!
The thrashing horror tramples you.
* * * LOW HITPOINT WARNING * * *
You hold your ground!
The thrashing horror tramples you!
You die...

# . # ## ###§.
?. #... ..
...# ## #
#.#######. §
#. ###@X#.##.
##..##.#..X.#
.w #.X#..# #.
.#.#.##.#
#...#...###
#..#..#.#§...#
. #
.#.##.....#..#
#. # #.
#.#.#.. . . #
# ##..#..##.


You could see a tentacled starspawn and 2 thrashing horrors.

Vanquished Creatures
  A great orb of eyes (Abyss:1)
  2 two-headed ogres
  A wretched star (Abyss:1)
  2 manticores (D:8)
  3 centaur zombies
  Joseph (D:8)
  A smoke demon (Abyss:1)
  3 trolls
  A merfolk (D:8)
  A raiju (Abyss:1)
  A shadow (D:9)
  2 hogs (D:8)
  2 yaks (D:8)
  4 wyverns (D:8)
  A steam dragon (D:8)
  A small abomination (Abyss:1)
  A water moccasin (D:6)
  Duvessa (D:6)
  4 orc warriors
  11 black bears
  2 sky beasts (D:7)
  3 necrophages
  4 ogres
  7 centaurs
  A phantom (D:5)
  4 kobold brigands
  Blork the orc (D:4)
  5 bullfrogs (D:8)
  A wyvern zombie (D:7)
  A gnoll sergeant (D:8)
  2 wyvern skeletons
  Dowan (D:6)
  6 killer bees (D:8)
  3 howler monkeys (D:7)
  8 wights (D:8)
  7 electric eels (D:8)
  A bullfrog zombie (D:5)
  Crazy Yiuf (D:2)
  3 bullfrog skeletons
  7 orc priests
  6 hounds
  3 jellies
  5 iguanas
  Jessica (D:3)
  3 centaur skeletons
  A gnoll shaman (D:7)
  4 orc wizards
  A howler monkey zombie (D:9)
  4 gnolls
  A howler monkey skeleton (D:5)
  6 adders
  A white imp (D:6)
  An ufetubus (D:4)
  An adder skeleton (D:4)
  6 dart slugs
  26 orcs
  9 ball pythons
  8 endoplasms
  4 giant cockroaches
  14 goblins
  3 hobgoblins
  22 kobolds
  3 bats
  A frilled lizard (D:1)
  7 rats
253 creatures vanquished.

Vanquished Creatures (others)
  60 plants (D:8)
  14 starspawn tentacles (Abyss:1)
  4 toadstools (D:1)
78 creatures vanquished.

Grand Total: 331 creatures vanquished

Notes
Turn   | Place    | Note
-------+----------+-------------------------------------------
     0 | D:1      | ducksouse the Minotaur Fighter began the quest for the Orb.
     0 | D:1      | Reached XP level 1. HP: 19/19 MP: 0/0
   135 | D:1      | Reached XP level 2. HP: 27/27 MP: 1/1
   530 | D:1      | Reached XP level 3. HP: 33/33 MP: 2/2
   970 | D:2      | Reached XP level 4. HP: 38/41 MP: 3/3
  1429 | D:2      | Found a runed translucent door.
  1430 | D:2      | Noticed Crazy Yiuf
  1438 | D:2      | Killed Crazy Yiuf
  1536 | D:3      | Reached XP level 5. HP: 45/47 MP: 4/4
  1580 | D:3      | Noticed Jessica
  1589 | D:3      | Killed Jessica
  1590 | D:3      | Reached skill level 1 in Short Blades
  1707 | D:3      | Noticed a black bear
  1714 | D:3      | Killed a black bear
  1715 | D:3      | Reached skill level 5 in Fighting
  1715 | D:3      | Reached skill level 5 in Armour
  1891 | D:3      | Noticed a centaur
  1897 | D:3      | Killed a centaur
  1898 | D:3      | Reached skill level 5 in Shields
  1898 | D:3      | Reached XP level 6. HP: 50/56 MP: 5/5
  2641 | D:4      | Found a sparkling altar of Nemelex Xobeh.
  2854 | D:4      | Noticed Blork the orc
  2862 | D:4      | Killed Blork the orc
  2863 | D:4      | Reached XP level 7. HP: 26/61 MP: 6/6
  3225 | D:5      | Entered Level 5 of the Dungeon
  3329 | D:5      | Reached skill level 5 in Long Blades
  3832 | D:5      | Reached XP level 8. HP: 66/70 MP: 7/7
  3852 | D:5      | Found Zosyxta's Magic Scroll Emporium.
  3861 | D:5      | Bought a scroll of enchant armour for 90 gold pieces
  3861 | D:5      | Bought a scroll of identify for 24 gold pieces
  4412 | D:6      | Reached skill level 1 in Axes
  4810 | D:6      | Found a transporter.
  4810 | D:6      | Identified the +7 great mace "Arcanum" {freeze, Drain rN++
                  | Will+ Stlth+}
  4814 | D:6      | Noticed KennySheep's ghost (novice DECj)
  5051 | D:6      | Reached XP level 9. HP: 74/79 MP: 8/8
  5079 | D:6      | Noticed Dowan
  5096 | D:6      | Killed Dowan
  5096 | D:6      | Noticed Duvessa
  5108 | D:6      | Killed Duvessa
  5564 | D:7      | Noticed a two-headed ogre
  5570 | D:7      | Killed a two-headed ogre
  5571 | D:7      | Reached skill level 5 in Axes
  5629 | D:7      | Found a staircase to the Ecumenical Temple.
  5644 | Temple   | Entered the Ecumenical Temple
  5691 | Temple   | Became a worshipper of Warmaster Okawaru
  6499 | D:7      | Reached * piety under Okawaru
  6855 | D:8      | Reached XP level 10. HP: 87/91 MP: 9/9
  7246 | D:8      | Reached ** piety under Okawaru
  7503 | D:8      | Reached skill level 10 in Armour
  7645 | D:8      | Reached skill level 10 in Fighting
  7645 | D:8      | Reached skill level 10 in Shields
  9061 | D:8      | Noticed Joseph
  9076 | D:8      | Killed Joseph
  9076 | D:8      | Reached *** piety under Okawaru
  9329 | D:8      | Found a shadowy altar of Dithmenos.
  9817 | D:8      | Reached XP level 11. HP: 55/101 MP: 10/10
 10200 | D:8      | Reached **** piety under Okawaru
 11313 | D:9      | Noticed a two-headed ogre
 11326 | D:9      | Killed a two-headed ogre
 11792 | D:9      | Identified the +1 falchion "Gedgha" {vorpal, *Slow Will+
                  | Str+2}
 12047 | D:10     | Entered Level 10 of the Dungeon
 12057 | D:10     | Cast into level 1 of the Abyss (orc)
 12076 | Abyss:1  | Noticed a tentacled starspawn
 12086 | Abyss:1  | Noticed a tentacled starspawn
 12481 | Abyss:1  | Noticed a great orb of eyes
 12488 | Abyss:1  | Killed a great orb of eyes
 12533 | Abyss:1  | Noticed a wretched star
 12547 | Abyss:1  | Killed a wretched star
 12778 | Abyss:1  | Noticed a wretched star
 12856 | Abyss:1  | Noticed a tentacled starspawn
 12857 | Abyss:1  | Noticed a thrashing horror
 12871 | Abyss:1  | Noticed a thrashing horror
 12874 | Abyss:1  | Slain by a thrashing horror

Illustrated notes

Levels and vault maps discovered:
D:1:      ldierk_water_garden, layout_basic, serial_glass, glass_columns_c,
          glass_columns_b, minmay_strange_pillars, due_unseen_surprise,
          feat_on_display, feat_on_display, chequers_serial_rivers_small_3,
          corexii_hall_statues_t, kennysheep_crisscross, minmay_statues_item
D:2:      layout_rooms, minmay_diced_spiral, uniq_crazy_yiuf_cottage
D:3:      layout_rooms, uniq_jessica
D:4:      layout_gridville, nemelex_spade_bored_becter, uniq_blork_the_orc
D:5:      layout_basic, serial_shops, nicolae_shop_trees, eino_tiny_chamber,
          minmay_stone_trees_medium
D:6:      layout_basic, gammafunk_ghost_smash, uniq_duvessa
D:7:      layout_cave_pods, minmay_temple_entry_trees, corexii_corridor_pit,
          chequers_jeans
D:8:      kennysheep_town, uniq_joseph
D:9:      layout_rooms
D:10:     layout_irregular_city, minmay_lair_entry_grove, fountainhead,
          uniq_maggie
Temple:   mainiacjoe_temple_archimedes_tessellation
Abyss:1:  base:
D:5

Skill      XL: |  1  2  3  4  5  6  7  8  9 10 11 |
---------------+----------------------------------+-----
Armour         | 4 5 6 7 9 10 11 | 11.6
Fighting       | 4 5 6 7 9 10 11 | 11.6
Shields        | 4 5 6 7 9 10 11 | 11.6
Long Blades    | 3 4 5 6 8 |  8.1
Short Blades   | 2 3 4 |  4.0
Axes           | 3 6 7 |  7.8

Action                   |  1- 3 |  4- 6 |  7- 9 | 10-12 || total
-------------------------+-------+-------+-------+-------++-------
Melee: Long sword        |    55 |     6 |       |   140 ||   201
       Headbutt          |    16 |    16 |    63 |    89 ||   184
       Short sword       |       |   106 |    67 |       ||   173
       War axe           |       |       |   133 |   111 ||   244
       Falchion          |       |       |       |    57 ||    57
       Mace              |       |       |       |    13 ||    13
Invok: Heroism           |       |       |       |     1 ||     1
Evoke: Wand              |       |       |     9 |    13 ||    22
  Use: Potion            |       |     2 |       |     9 ||    11
       Scroll            |       |       |     8 |     6 ||    14
Armor: Scale mail        |    14 |     1 |       |       ||    15
       Chain mail        |       |    51 |    94 |   216 ||   361
Dodge: Dodged            |    22 |    33 |    65 |   155 ||   275
Block: Buckler           |    12 |    28 |    65 |   128 ||   233
       Kite shield       |       |       |       |    55 ||    55

Table legend: (Time is in decaauts)
 A = Elapsed time spent in this place.
 B = Non-inter-level travel time spent in this place.
 C = Inter-level travel time spent in this place.
 D = Time resting spent in this place.
 E = Time spent auto-exploring this place.
 F = Levels seen in this place.
 G = Mean time per level.
                   A        B        C        D        E       F      G
               +--------+--------+--------+--------+--------+-----+--------+
         Total |  12951 |  12345 |    606 |   3676 |   5252 |  12 | 1079.2 |
       Dungeon |  12077 |  11501 |    576 |   3118 |   5252 |  10 | 1207.7 |
        Temple |     78 |     48 |     30 |      0 |      0 |   1 |   78.0 |
         Abyss |    794 |    794 |      0 |    558 |      0 |   1 |  794.0 |
               +--------+--------+--------+--------+--------+-----+--------+

Top non-repeatable levels by time:
     D:8: 4323 daAuts
     D:6: 1305 daAuts
     D:7: 1210 daAuts
     D:5: 1056 daAuts
     D:4: 968 daAuts
     D:9: 925 daAuts
     D:1: 911 daAuts
 Abyss:1: 794 daAuts
     D:3: 784 daAuts
     D:2: 581 daAuts
  Temple: 78 daAuts
    D:10: 9 daAuts
